 Dungeon Crawl Stone Soup version 0.29-a0-40-g8eb35efe60 (webtiles) character file.

Game seed: 15324868848912552729

42 lunkers the Poker (level 3, -8/29 HPs)
             Began as a Demigod Gladiator on Feb 1, 2022.
             Mangled by an ogre (23 damage)
             ... on level 2 of the Dungeon.
             The game lasted 00:00:47 (1074 turns).

lunkers the Poker (Demigod Gladiator)               Turns: 1074, Time: 00:00:47

Health: -8/29      AC:  7    Str: 19    XL:     3   Next: 17%
Magic:  5/5        EV: 10    Int: 10    God:
Gold:   66         SH:  0    Dex: 15    Spells: 2/2 levels left

rFire   . . .      SeeInvis .   a - +0 trident
rCold   . . .      Faith    .   (no shield)
rNeg    . . .      Spirit   .   e - +0 scale mail
rPois   .          Reflect  .   c - +0 helmet
rElec   .          Harm     .   (no cloak)
rCorr   .          Rampage  .   (no gloves)
Will    .....                   (no boots)
Stlth   ..........              (no amulet)
HPRegen 0.09/turn               (no ring)
MPRegen 0.09/turn               (no ring)

@: no status effects
A: high MP 1, forlorn, divine attributes
a: no special abilities


You were on level 2 of the Dungeon.
You visited 1 branch of the dungeon, and saw 2 of its levels.

You collected 66 gold pieces.

Inventory:

Hand Weapons
 a - a +0 trident (weapon)
Missiles
 d - 3 throwing nets
Armour
 b - a +0 leather armour
 c - a +0 helmet (worn)
 e - a +0 scale mail (worn)
Scrolls
 f - 2 scrolls of identify {unknown}
Potions
 g - 2 potions of invisibility {unknown}


   Skills:
 - Level 1.7 Fighting
 * Level 4.0 Polearms
 - Level 1.7 Throwing
 - Level 2.6 Dodging


You had 2 spell levels left.
You didn't know any spells.
Your spell library was empty.

Dungeon Overview and Level Annotations

Branches:
Dungeon (2/15)

Shops:
D:2 [


Innate Abilities, Weirdness & Mutations

You have an increased reservoir of magic. (+10% MP)
You shall have no god before yourself.
Your divine heritage dramatically boosts your attributes as you level up.


Message History

The ogre hits you with a +0 giant club!
Ouch! That really hurt!
* * * LOW HITPOINT WARNING * * *
There is an open door here.
The bat closely misses you. The bat hits you but does no damage. x2
Reach: a) +0 trident
Press: ? - help, Dir - move target, f - bat
Aim: a bat (about 56% to evade your +0 trident)
You miss the bat. The bat hits you but does no damage.
Reach: a) +0 trident
Press: ? - help, Dir - move target, f/p - bat
Aim: a bat (about 56% to evade your +0 trident)
The hobgoblin shouts!
You hit the bat but do no damage. The bat barely misses you.
Reach: a) +0 trident
Press: ? - help, Dir - move target, f/p - bat
Aim: a bat (about 56% to evade your +0 trident)
You puncture the bat!
You kill the bat!
The ogre misses you.
Reach: a) +0 trident
Press: ? - help, Dir - move target, f - ogre
Aim: an ogre, wielding a +0 giant club (lightly wounded, about 26% to evade your +0 trident)
You hit the ogre. Your punch misses the ogre.
The ogre is lightly wounded.
Reach: a) +0 trident
Press: ? - help, Dir - move target, f/p - ogre
Aim: an ogre, wielding a +0 giant club (lightly wounded, about 26% to evade your +0 trident)
You puncture the ogre!
The ogre is heavily wounded.
The ogre barely misses you.
Reach: a) +0 trident
Press: ? - help, Dir - move target, f/p - ogre
Aim: an ogre, wielding a +0 giant club (heavily wounded, about 26% to evade your +0 trident)
You puncture the ogre!
The ogre is severely wounded.
The ogre hits you with a +0 giant club!!
Ouch! That really hurt!
You die...

##.###..#### #..
...........## ############..
.............
#..........#.#######.#.##.#.
#....!.....#.#.....†.#..#.#.
...........#.#.#####.##.#.#.
#......... #.#.#........#...
..P....∩.###.#.#.###.#######
≈..P....gZO@...#.# #.#
≈≈.P.....###.###.###.#
≈g...♣.....#.........#
≈≈≈...####.#####.#####
♣≈≈... .# #.# ♣... # #.#
$...# #.# .### #.# #.#


You could see an ogre, a hobgoblin and a howler monkey skeleton.

Vanquished Creatures
  A gnoll (D:1)
  2 dart slugs (D:1)
  4 ball pythons
  5 endoplasms (D:1)
  3 goblins (D:1)
  A hobgoblin (D:2)
  A quokka (D:1)
  5 bats
  A frilled lizard (D:1)
  3 kobolds (D:1)
  2 rats (D:1)
28 creatures vanquished.

Vanquished Creatures (others)
  4 plants (D:2)
4 creatures vanquished.

Grand Total: 32 creatures vanquished

Notes
Turn   | Place    | Note
-------+----------+-------------------------------------------
     0 | D:1      | lunkers the Demigod Gladiator began the quest for the Orb.
     0 | D:1      | Reached XP level 1. HP: 17/17 MP: 3/3
     6 | D:1      | Noticed a hog
     6 | D:1      | Noticed a polar bear
     6 | D:1      | Noticed an iguana
     7 | D:1      | Noticed a lindwurm
     7 | D:1      | Noticed a black mamba
    66 | D:1      | Reached skill level 3 in Polearms
   298 | D:1      | Reached XP level 2. HP: 24/24 MP: 4/4
   700 | D:1      | Reached XP level 3. HP: 29/29 MP: 5/5
   708 | D:1      | Reached skill level 4 in Polearms
  1059 | D:2      | Found Ithroigg's Antique Armour Shop.
  1059 | D:2      | Noticed an ogre
  1074 | D:2      | Mangled by an ogre

Illustrated notes

Levels and vault maps discovered:
D:1:      onia_arrival_zoo_common, layout_loops_cross
D:2:      layout_basic, serial_shops, shop, serial_bayou_pond_a

Skill      XL: |  1  2  3 |
---------------+----------+-----
Polearms       | 3 4 |  4.0
Fighting       | |  1.7
Throwing       | |  1.7
Dodging        | |  2.6

Action                   || total
-------------------------++-------
Melee: Trident           ||    77
Armor: Leather armour    ||     8
       Scale mail        ||    12
Dodge: Dodged            ||    45

Table legend: (Time is in decaauts)
 A = Elapsed time spent in this place.
 B = Non-inter-level travel time spent in this place.
 C = Inter-level travel time spent in this place.
 D = Time resting spent in this place.
 E = Time spent auto-exploring this place.
 F = Levels seen in this place.
 G = Mean time per level.
                   A        B        C        D        E       F      G
               +--------+--------+--------+--------+--------+-----+--------+
         Total |   1082 |   1072 |     10 |      0 |    898 |   2 |  541.0 |
       Dungeon |   1082 |   1072 |     10 |      0 |    898 |   2 |  541.0 |
               +--------+--------+--------+--------+--------+-----+--------+

Top non-repeatable levels by time:
     D:1: 943 daAuts
     D:2: 139 daAuts
